 Dungeon Crawl Stone Soup version 0.30.1-4-g462c640d31 (webtiles) character file.

Game seed: 8392543457004611818

144 Amplified the Sneak (level 5, -2/63 HPs)
             Began as a Demonspawn Delver on Sept 10, 2023.
             Slain by a bullfrog (4 damage)
             ... in a sewer.
             The game lasted 00:05:15 (696 turns).

Amplified the Sneak (Demonspawn Delver)              Turns: 696, Time: 00:05:15

Health: -2/63      AC: 22    Str: 14    XL:     5   Next: 5%
Magic:  5/5        EV:  2    Int: 11    God:
Gold:   5          SH:  0    Dex: 15    Spells: 4/4 levels left

rFire   . . .        a - +0 falchion
rCold   . . .        (no shield)
rNeg    . . .        d - melded +0 ring mail of Lius {rElec Str+3}
rPois   +            (helmet currently unavailable)
rElec   .            (cloak currently unavailable)
rCorr   .            (gloves currently unavailable)
SInv    .            (boots currently unavailable)
Will    .....        (no amulet)
Stlth   +++          (no ring)
HPRegen 0.30/turn    (no ring)
MPRegen 0.09/turn

%: no passive effects
@: tree-form, invisible, very slow
A: stationary, stasis, torment immunity, boosted hp, (hooves 2), (demonic touch
1), MP-powered wands
a: no special abilities


You were in a sewer.
You were a tree.
You visited 1 branch of the dungeon, and saw 3 of its levels.
You also visited: Sewer.

You collected 5 gold pieces.

Inventory:

Hand Weapons
 a - a +0 falchion (weapon)
Armour
 b - a +0 leather armour
 d - the +0 ring mail of Lius (melded) {rElec Str+3}
   (You found it on level 6 of the Dungeon)

   Str:       It affects your strength (+3).
   rElec:     It insulates you from electricity.
Wands
 g - a wand of digging (2)
Scrolls
 c - a scroll of fog


   Skills:
 * Level 4.1 Fighting
 - Level 2.1 Long Blades
 * Level 3.1 Dodging
 - Level 4.5 Stealth
 * Level 1.9 Unarmed Combat


You had 4 spell levels left.
You didn't know any spells.
Your spell library was empty.

Dungeon Overview and Level Annotations

Branches:
Dungeon (6/15)              Sewer (1/1)
 Temple: D:4-7

Altars:


Innate Abilities, Weirdness & Mutations

You are a tree.
Your roots penetrate the ground, keeping you stationary.
You cannot be teleported.
You are immune to unholy pain and torment.
Your maximum health is greatly increased.
Your equipment is partially melded.
((You have hoof-like feet.))
((Your touch may inflict minor irresistible damage on your foes.))
You expend magic power (3 MP) to strengthen your wands.


Message History

* * * LOW HITPOINT WARNING * * *
The ball python constricts you. The adder bites you but does no damage.
The bullfrog hits you but does no damage. x2
Unknown command.
Unknown command.
Unknown command.
Okay, then.
Sorry, you're not good enough to have a special ability.
Unknown command.
Okay, then.
Really quaff the potion of mutation?
You feel extremely strange.
You feel clumsy. x2; You feel stupid.
You feel clever.
You feel your magical essence link to the dungeon's wands.
The ball python bites you.
* * * LOW HITPOINT WARNING * * *
The ball python constricts you.
The bullfrog hits you but does no damage.
The adder bites you but does no damage.
The bullfrog hits you but does no damage.
The ball python bites you but does no damage.
The ball python constricts you.
Unknown command.
You slash the bullfrog!
The bullfrog is moderately wounded.
The bullfrog completely misses you.
The bullfrog hits you but does no damage.
The adder bites you but does no damage.
The ball python bites you but does no damage.
The ball python constricts you. The bullfrog hits you.
* * * LOW HITPOINT WARNING * * *
A ball python comes into view.
The bullfrog hits you but does no damage.
The adder bites you but does no damage.
Unknown command.
The ball python hisses angrily.
You hit the ball python.
You kill the ball python!
The bullfrog hits you.
You die...

###################
.≈~≈≈≈~≈≈°○≈☼○°≈#.###
~≈≈~☼°°.°~≈F☼°≈~..○.##
.~~~°○°○≈≈F♣○≈☼~~.°..#
.#~~°°°○≈SS☼○☼~☼~☼☼..#
~~S≈≈~°○≈☼°~~~≈~☼°°..##
.~~≈☼S≈≈○○☼○°≈≈≈#○○...#
##################○...#
####†..## #..#....#
#..†....# #####...#


You could see 2 bullfrogs, an adder and 2 ball pythons.

Vanquished Creatures
  5 river rats (Sewer)
  7 adders
  An ufetubus (D:5)
  An orc (D:5)
  2 giant cockroaches (D:5)
  9 ball pythons (Sewer)
  3 frilled lizards (Sewer)
  16 rats (Sewer)
44 creatures vanquished.

Notes
Turn   | Place    | Note
-------+----------+-------------------------------------------
     0 | D:5      | Amplified the Demonspawn Delver began the quest for the
                  | Orb.
     0 | D:5      | Reached XP level 1. HP: 18/18 MP: 1/1
    38 | D:6      | Identified the +0 ring mail of Lius {rElec Str+3}
    62 | D:5      | Found a glowing drain.
   127 | D:5      | Noticed an iguana
   161 | D:5      | Discovered your monstrous ancestry.
   161 | D:5      | Gained mutation: Your touch may inflict minor irresistible
                  | damage on your foes. [demonic ancestry]
   161 | D:5      | Reached XP level 2. HP: 23/24 MP: 2/2
   171 | D:5      | Gained mutation: You have large cloven feet. [demonic
                  | ancestry]
   171 | D:5      | Reached XP level 3. HP: 25/29 MP: 3/3
   184 | Sewer    | Entered a sewer
   294 | Sewer    | Reached skill level 1 in Unarmed Combat
   366 | Sewer    | Gained mutation: You have hoof-like feet. [demonic
                  | ancestry]
   366 | Sewer    | Reached XP level 4. HP: 14/37 MP: 4/4
   657 | Sewer    | Reached XP level 5. HP: 39/42 MP: 5/5
   688 | Sewer    | Gained mutation: You are agile. (Dex +4, Str/Int -1)
                  | [potion of mutation]
   688 | Sewer    | Gained mutation: You are very agile. (Dex +8, Str/Int -2)
                  | [potion of mutation]
   694 | Sewer    | Lost mutation: You are very agile. (Dex +8, Str/Int -2)
                  | [potion of mutation]
   694 | Sewer    | Lost mutation: You are agile. (Dex +4, Str/Int -1) [potion
                  | of mutation]
   694 | Sewer    | Gained mutation: You are dopey. (Int -2) [potion of
                  | mutation]
   694 | Sewer    | Lost mutation: You are dopey. (Int -2) [potion of mutation]
   694 | Sewer    | Gained mutation: You expend magic power (3 MP) to
                  | strengthen your wands. [potion of mutation]
   695 | Sewer    | HP: 1/63 [bullfrog (3)]
   696 | Sewer    | Slain by a bullfrog

Illustrated notes

Levels and vault maps discovered:
D:4:      layout_rooms, old_standard_altar, amcnicky_altar_gilded,
          minmay_temple_entry_overgrown
D:5:      layout_loops_corners, gup_sewer_entry_glass
D:6:      layout_cave_pods, lemuel_round_altar, kennysheep_generic_room_13
Sewer:    sewer_minmay_w

Skill      XL: |  1  2  3  4 |
---------------+-------------+-----
Long Blades    | 2 |  2.1
Dodging        | 2 3 |  3.1
Unarmed Combat | 1 |  1.9
Fighting       | 4 |  4.1
Stealth        | |  4.5

Action                     |  1- 3 |  4- 6 || total
---------------------------+-------+-------++-------
  Melee: Falchion          |    45 |    65 ||   110
         Touch             |     3 |     8 ||    11
         Kick              |     7 |    15 ||    22
         Punch             |     1 |       ||     1
  Evoke: Wand              |     1 |       ||     1
    Use: Scroll            |     3 |     2 ||     5
         Potion            |     1 |     6 ||     7
   Stab: Sleeping          |       |     1 ||     1
 Armour: Ring mail         |     9 |    41 ||    50
         Skin              |       |    32 ||    32
  Dodge: Dodged            |    26 |    58 ||    84
